 Dungeon Crawl Stone Soup version 0.23.2-40-g277498a (webtiles) character file.

Game seed: 2472539444749690014

93 zhovat1 the Magician (level 4, -4/27 HPs)
             Began as an Octopode Wizard on Aug 16, 2019.
             Slain by an orc priest
             ... wielding a +0 flail
              (6 damage)
             ... on level 3 of the Dungeon.
             The game lasted 00:04:02 (2994 turns).

zhovat1 the Magician (Octopode Wizard)              Turns: 2994, Time: 00:04:03

Health: -4/27      AC:  2    Str:  6    XL:     4   Next: 61%
Magic:  0/9        EV: 16    Int: 26    God:
Gold:   85         SH:  0    Dex: 10    Spells: 2/10 levels left

rFire    . . .     SeeInvis .   g - +1 dagger
rCold    . . .     Gourm    .   (no shield)
rNeg     . . .     Faith    .   a - +1 hat
rPois    .         Spirit   .   (no amulet)
rElec    .         Reflect  .   e - +3 ring of evasion
rCorr    .         Harm     .   (no ring)
MR       .....                  (no ring)
Stlth    +++.......             (no ring)
HPRegen  0.09/turn              (no ring)
MPRegen  0.11/turn              (no ring)
                                (no ring)
                                (no ring)

@: brilliant, very slightly contaminated
A: almost no armour, stealthy swim, amphibious, 8 rings, constrict 8, camouflage
1, gelatinous body 1
a: no special abilities


You were on level 3 of the Dungeon.
You were hungry.

You visited 1 branch of the dungeon, and saw 3 of its levels.

You collected 85 gold pieces.

Inventory:

Hand Weapons
 g - a +1 dagger (weapon)
Armour
 a - a +1 hat (worn)
Jewellery
 e - a +3 ring of evasion (left tentacle)
Scrolls
 b - a scroll of enchant weapon
 f - a scroll of magic mapping
Comestibles
 c - 4 rations
 h - 4 chunks of flesh


   Skills:
 - Level 2.0 Dodging
 - Level 2.6 Stealth
 + Level 3.6 Spellcasting
 + Level 2.3 Conjurations
 + Level 1.9 Summonings
 + Level 1.8 Translocations
 + Level 1.0 Fire Magic


You had 2 spell levels left.
You knew the following spells:

 Your Spells              Type           Power        Failure   Level  Hunger
a - Magic Dart            Conj           ####         1%          1    None
b - Blink                 Tloc           N/A          1%          2    #......
c - Call Imp              Summ           ####....     1%          2    #......
d - Conjure Flame         Conj/Fire      ####....     1%          3    ##.....

Your spell library contained the following spells:

 Spells                   Type           Power        Failure   Level  Hunger
 Slow                     Hex            ###.....     1%          2    #......
 Mephitic Cloud           Conj/Pois/Air  ###.....     2%          3    ##.....


Dungeon Overview and Level Annotations

Branches:
Dungeon (3/15)

Altars:


Innate Abilities, Weirdness & Mutations

You cannot wear most types of armour.
You are very stealthy in the water. (Stealth+)
You are amphibious.
You can wear up to eight rings at the same time.
You can use your tentacles to constrict eight enemies at once.
Your skin changes colour to match your surroundings (Stealth+).
Your rubbery body absorbs attacks. (AC +1, EV +1)


Message History

The magic dart hits the orc priest but does no damage.
The orc priest is moderately wounded.
You constrict the orc priest, but do no damage.
The orc priest invokes the aid of Beogh against you.
Pain shoots through your body!
You hit the orc priest but do no damage.
The orc priest is moderately wounded.
You constrict the orc priest, but do no damage.
The orc priest mumbles some strange prayers to Beogh against you.
Pain shoots through your body!
* * * LOW HITPOINT WARNING * * *
You hit the orc priest but do no damage.
The orc priest is moderately wounded.
You constrict the orc priest, but do no damage.
The orc priest looks encouraged for a moment.
Unknown command.
You feel clever all of a sudden.
You constrict the orc priest.
The orc priest hits you with a +0 flail.
You die...

#.# #..# ..#
#..# #..# #..#
#..# #..# #####
#..#
.#..#...####..#
........@ooo).#
.#..#...#####)#
#########.##
#..ooo# #...o.#
#.....# #.....#
#.....# #.....#


You could see an orc priest and 2 orcs.

Vanquished Creatures
  An orc wizard (D:2)
  An adder (D:2)
  A howler monkey skeleton (D:2)
  A dart slug (D:2)
  2 orcs
  6 giant cockroaches
  5 hobgoblins
  4 jackals
  6 bats
  3 frilled lizards
  3 goblins (D:1)
  6 kobolds
  3 rats
42 creatures vanquished.

Vanquished Creatures (collateral kills)
  A worm (D:2)
  3 orcs (D:3)
  2 hobgoblins (D:2)
  A kobold (D:2)
  A rat (D:2)
8 creatures vanquished.

Grand Total: 50 creatures vanquished

Notes
Turn   | Place    | Note
-------+----------+-------------------------------------------
     0 | D:1      | zhovat1 the Octopode Wizard began the quest for the Orb.
     0 | D:1      | Reached XP level 1. HP: 11/11 MP: 4/4
   170 | D:1      | Reached XP level 2. HP: 3/17 MP: 0/6
   477 | D:1      | Learned a level 2 spell: Blink
   480 | D:1      | Learned a level 2 spell: Call Imp
  1289 | D:2      | Reached XP level 3. HP: 21/21 MP: 2/7
  1380 | D:1      | Learned a level 3 spell: Conjure Flame
  2179 | D:2      | Reached XP level 4. HP: 27/27 MP: 3/9
  2419 | D:2      | Found a faded altar of an unknown god.
  2569 | D:2      | Reached skill level 1 in Fire Magic
  2994 | D:3      | Slain by an orc priest

Skill      XL: |  1  2  3  4 |
---------------+-------------+-----
Conjurations   | 2 |  2.3
Fire Magic     | 1 |  1.0
Dodging        | |  2.0
Stealth        | |  2.6
Spellcasting   | |  3.6
Summonings     | |  1.9
Translocations | |  1.8

Action                   |  1- 3 |  4- 6 || total
-------------------------+-------+-------++-------
Melee: Unarmed           |    43 |       ||    43
       Constrict         |    16 |     4 ||    20
       Tentacles         |     6 |     4 ||    10
       Dagger            |    31 |    14 ||    45
 Cast: Magic Dart        |    65 |     6 ||    71
       Call Imp          |     4 |     8 ||    12
  Use: Scroll            |       |     4 ||     4
       Potion            |       |     1 ||     1
 Stab: Distracted        |       |     1 ||     1
       Sleeping          |       |     1 ||     1
  Eat: Chunk             |     3 |     3 ||     6
Armor: Skin              |     2 |     6 ||     8
Dodge: Dodged            |    62 |    32 ||    94
